 Dungeon Crawl Stone Soup version 0.20-b1-2-gc5a9893 (webtiles) character file.

118 JorJi the Chiller (level 5, 0/38 HPs)
             Began as a Barachi Ice Elementalist on May 22, 2017.
             Succumbed to a scorpion's poison
             ... on level 2 of the Dungeon.
             The game lasted 00:37:16 (2142 turns).

JorJi the Chiller (Barachi Ice Elementalist)        Turns: 2142, Time: 00:37:17

Health: 0/38       AC:  3    Str:  6    XL:     5   Next: 2%
Magic:  5/8        EV: 13    Int: 20    God:
Gold:   50         SH:  0    Dex: 12    Spells: 3/9 levels left

rFire    . . .     SeeInvis .   g - +0 dagger
rCold    . . .     Gourm    .   (no shield)
rNeg     . . .     Faith    .   a - +0 robe
rPois    .         Spirit   .   (no helmet)
rElec    .         Reflect  .   (no cloak)
rCorr    .         Harm     .   e - +0 pair of gloves
MR       +....                  (no boots)
Stlth    ++........             (no amulet)
Regen    0.2/turn               i - ring of protection from magic
MPRegen  0.2/turn               s - -5 ring of strength (curse)

@: brilliant, lethally poisoned (0 -> -7), very slightly contaminated,
invisible, slow
A: +LOS, swims, slowness 1, strong legs 1
a: Hop


You were on level 2 of the Dungeon.
You were not hungry.

You visited 1 branch of the dungeon, and saw 3 of its levels.

You collected 50 gold pieces.

Inventory:

Hand Weapons
 g - a +0 dagger (weapon)
Armour
 a - a +0 robe (worn)
 d - a +0 ring mail
 e - a +0 pair of gloves (worn)
 l - a +0 plate armour
Jewellery
 i - a ring of protection from magic (left hand)
 s - a cursed -5 ring of strength (right hand)
Scrolls
 k - a scroll of random uselessness {unknown}
 n - a scroll of fog {unknown}
 r - 2 scrolls of immolation {unknown}
Potions
 f - 2 potions of flight
 h - a potion of invisibility
 m - a potion of degeneration {unknown}
 o - a potion of curing {unknown}
 q - a potion of cancellation {unknown}
 t - a potion of agility {unknown}
Books
 b - a book of Frost

   Spells                             Type                      Level
   a - Freeze                         Ice                          1
   b - Throw Frost                    Conjuration/Ice              2
   c - Ozocubu's Armour               Charms/Ice                   3
   d - Throw Icicle                   Conjuration/Ice              4
   e - Summon Ice Beast               Ice/Summoning                4
Comestibles
 c - 2 bread rations
 p - 3 chunks of flesh


   Skills:
 + Level 2.2 Fighting
 + Level 2.0 Armour
 + Level 2.6 Dodging
 - Level 1.7 Stealth
 + Level 2.5 Spellcasting
 + Level 1.9 Conjurations
 * Level 4.7 Ice Magic


You had 3 spell levels left.
You knew the following spells:

 Your Spells              Type           Power        Failure   Level  Hunger
a - Freeze                Ice            ####         1%          1    None
b - Throw Frost           Conj/Ice       ####..       1%          2    ##.....
c - Ozocubu's Armour      Chrm/Ice       ###.....     2%          3    ###....


Dungeon Overview and Level Annotations

Branches:
Dungeon (3/15)

Altars:


Innate Abilities, Weirdness & Mutations

Shadows flee at your approach. (+LOS)
You can swim through water.
You cover ground slowly.
You can hop short distances.


Message History

There is a stone staircase leading down here.
Casting: Freeze
Confirm with . or Enter, or press ? or * to list all spells.
Aiming: Freeze
Press: ? - help, Shift-Dir - straight line, f - scorpion
Aim: a scorpion (heavily wounded)
You freeze the scorpion.
The scorpion is severely wounded.
The scorpion stings you!
* * * LOW HITPOINT WARNING * * *
You are lethally poisoned!
The scorpion poisons you!
It was a potion of invisibility.
You fade into invisibility!
* * * LOW HITPOINT WARNING * * *
You feel sick. The scorpion completely misses you.
You are very lightly contaminated with residual magic.
It was a potion of brilliance.
You feel clever all of a sudden.
You die...

############ ...........#
......)....# ############
...........# #..........#
.......##### #..........#
###.#...# #..........#
###.#.#.######...s......#
###
...........(....@###########
#.## #.....##.##.##...#
#<...# #...
########..#.##...# ####.#
#.#. ##.#.##...# #.###.#.
#...##...# #....... #######
##..####.####### #####.##
......####..# #........# #.#
...[......#.###(.......# #.#
......#.###..##........# #.#


You could see a scorpion.

Vanquished Creatures
  7 adders
  2 worms
  2 dart slugs
  A leopard gecko (D:2)
  A ball python (D:1)
  5 bats
  4 giant cockroaches
  7 goblins
  5 hobgoblins
  3 kobolds
  A frilled lizard (D:2)
  10 rats
48 creatures vanquished.

Notes
Turn   | Place    | Note
-------+----------+-------------------------------------------
     0 | D:1      | JorJi the Barachi Ice Elementalist began the quest for the Orb.
     0 | D:1      | Reached XP level 1. HP: 13/13 MP: 3/3
   116 | D:1      | Reached XP level 2. HP: 19/19 MP: 0/5
   215 | D:1      | Reached skill level 1 in Armour
   222 | D:1      | Learned a level 2 spell: Throw Frost
   383 | D:1      | Reached skill level 1 in Fighting
   527 | D:1      | Reached skill level 4 in Ice Magic
   562 | D:1      | Reached XP level 3. HP: 20/26 MP: 0/6
  1279 | D:2      | Reached XP level 4. HP: 30/33 MP: 0/7
  1292 | D:2      | Learned a level 3 spell: Ozocubu's Armour
  2043 | D:3      | Reached XP level 5. HP: 33/38 MP: 1/8
  2141 | D:2      | HP: 1/38 [poisoned by a scorpion]
  2142 | D:2      | Succumbed to a scorpion's poison

Skill      XL: |  1  2  3  4 |
---------------+-------------+-----
Armour         | 1 2 |  2.0
Fighting       | 1 2 |  2.2
Ice Magic      | 4 |  4.7
Dodging        | |  2.6
Stealth        | |  1.7
Spellcasting   | |  2.5
Conjurations   | |  1.9

Action                   |  1- 3 |  4- 6 || total
-------------------------+-------+-------++-------
Melee: Dagger            |    25 |    26 ||    51
 Cast: Freeze            |    36 |    30 ||    66
       Throw Frost       |    10 |    11 ||    21
       Ozocubu's Armour  |       |     2 ||     2
  Use: Scroll            |     2 |       ||     2
       Potion            |       |     2 ||     2
  Eat: Chunk             |     3 |     5 ||     8
Armor: Robe              |     8 |    12 ||    20
       Skin              |     4 |       ||     4
Dodge: Dodged            |    36 |    33 ||    69
